 Dungeon Crawl Stone Soup version 0.30-a0-756-gc2185399d4 (console) character file.

Game seed: 1276730368668760414

815 rlgrobin the Insei (level 7, -1/50 HPs)
             Began as a Demonspawn Wanderer on Feb 9, 2023.
             Slain by Menkaure (18 damage)
             ... on level 5 of the Dungeon.
             The game lasted 00:10:43 (3682 turns).

rlgrobin the Insei (Demonspawn Wanderer)            Turns: 3682, Time: 00:10:43

Health: -1/50      AC:  3    Str: 12    XL:     7   Next: 62%
Magic:  8/8        EV: 14    Int: 15    God:
Gold:   235        SH:  0    Dex: 19    Spells: 8/8 levels left

rFire   . . .      SeeInvis .      - Unarmed
rCold   . . .      Faith    .    (no shield)
rNeg    . . .      Spirit   .    e - +0 robe
rPois   .          Reflect  .    (helmet restricted)
rElec   .          Harm     .    (no cloak)
rCorr   +          Rampage  .    (no gloves)
Will    .....                    c - +0 pair of boots
Stlth   ++                       u - amulet of regeneration
HPRegen 1.08/turn                t - ring of resist corrosion
MPRegen 0.11/turn                w - +6 ring of dexterity

@: no status effects
A: antennae 2, powered by death 2
a: no special abilities


You were on level 5 of the Dungeon.
You visited 1 branch of the dungeon, and saw 5 of its levels.

You collected 245 gold pieces.
You spent 10 gold pieces at shops.

Inventory:

Hand Weapons
 a - a +0 club
 x - the +9 great sword of Hacking and Slashing {venom, rN+ Will++ Str+3 Stlth-}
   (You found it on level 3 of the Dungeon)

   Str:       It affects your strength (+3).
   rN:        It protects you from negative energy.
   Will:      It greatly increases your willpower.
   Stlth:     It makes you less stealthy.
Missiles
 i - 16 poisoned darts (quivered)
 q - a throwing net
Armour
 c - a +0 pair of boots (worn)
 e - a +0 robe (worn)
Jewellery
 t - a ring of resist corrosion (left hand)
 u - an amulet of regeneration (around neck)
 v - a ring of positive energy
 w - a +6 ring of dexterity (right hand)
Scrolls
 b - 2 scrolls of fear
 h - a scroll of blinking {unknown}
 j - 5 scrolls of identify {unknown}
 k - 2 scrolls of noise {unknown}
 o - 5 scrolls of teleportation {unknown}
 p - a scroll of fog {unknown}
 r - a scroll of vulnerability {unknown}
 s - 2 scrolls of enchant armour {unknown}
 y - a scroll of silence {unknown}
Potions
 d - 2 potions of heal wounds
 f - a potion of might
 g - a potion of flight {unknown}
 l - a potion of ambrosia {unknown}
 m - a potion of cancellation {unknown}
 n - a potion of resistance {unknown}
 z - a potion of invisibility {unknown}
 A - a potion of brilliance {unknown}


   Skills:
 - Level 2.0 Fighting
 + Level 3.8 Dodging
 - Level 1.7 Stealth
 + Level 7.2 Unarmed Combat
 - Level 1.0 Spellcasting
 - Level 1.1 Necromancy
 - Level 1.0 Evocations


You had 8 spell levels left.
You didn't know any spells.
Your spell library contained the following spells:

 Spells                   Type           Power      Damage    Failure   Level
 Kiss of Death            Conj/Necr      8%         2d6       21%         1
 Sublimation of Blood     Necr           4%         N/A       24%         2
 Cigotuvi's Dreadful Rot  Necr/Pois/Air  2%         N/A       32%         2
 Confusing Touch          Hex            0%         N/A       58%         3
 Ozocubu's Armour         Ice            0%         N/A       58%         3
 Dispel Undead            Necr           4%         3d7       83%         4
 Metabolic Englaciation   Hex/Ice        0%         N/A       100%        5
 Simulacrum               Ice/Necr       1%         N/A       100%        6


Dungeon Overview and Level Annotations

Branches:
Dungeon (5/15)
 Temple: D:4-7

Altars:
Fedhas
Qazlal

Shops:
D:2 !

Annotations:
D:3 Grinder, Pargi
D:5 Menkaure


Innate Abilities, Weirdness & Mutations

You have a pair of antennae on your head.
You regenerate health from kills.


Message History

You feel sick. The scorpion zombie barely misses you.
You punch the scorpion zombie!
The scorpion zombie is almost destroyed.
You feel sick.
You are no longer poisoned.
The scorpion zombie misses you.
You punch the scorpion zombie!
You destroy the scorpion zombie!
No target in view!
Things that are here:
a +0 hand axe of venom; a +0 robe; the orc corpse of Blork the orc You start waiting.
Done waiting.
Things that are here:
a +0 hand axe of venom; a +0 robe; the orc corpse of Blork the orc
Found a leather armour.
You pick up a book of Winter and begin reading...
You add the spells Ozocubu's Armour, Metabolic Englaciation and Simulacrum to your library.
Found a stone staircase leading down.
Found a stone staircase leading down.
A - a bubbling dark potion You now have 228 gold pieces (gained 10).
You now have 235 gold pieces (gained 7).
Menkaure is nearby!
Menkaure shouts!
You hit Menkaure but do no damage. You hit Menkaure. You punch Menkaure.
Menkaure is moderately damaged.
Menkaure calls on the powers of darkness!
Your body is wracked with pain!
You punch Menkaure!
Menkaure is severely damaged.
Menkaure hits you!
* * * LOW HITPOINT WARNING * * *
You hit Menkaure.
Menkaure is almost destroyed.
You barely miss Menkaure.
Menkaure is almost destroyed.
Menkaure hits you!!
You die...

##........#.# #.
#.......#.#.# .
#..........# .# ##.
##...##.##.##.#....
#....##.##.........
#.##.##.M..<..#
#.##.#####.####
#.##.#####.#####
#.##....@M.....#
#.###.##.......#
#.# #.#......$.#
#.# #.#........#
#.# #....8.....#
#.# ###........#
####.# #........#
###.8..# #####.####
#....P.#


You could see Menkaure.

Vanquished Creatures
  A black bear (D:5)
  Blork the orc (D:5)
  A necrophage (D:4)
  A howler monkey (D:5)
  2 bullfrog zombies (D:5)
  2 hounds (D:4)
  An orc priest (D:3)
  A bullfrog skeleton (D:5)
  Terence (D:3)
  3 iguanas
  A scorpion zombie (D:5)
  2 orc wizards
  5 adders
  5 gnolls
  2 worms
  16 orcs
  6 bats
  4 endoplasms
  3 giant cockroaches
  5 hobgoblins
  8 jackals
  4 quokkas
  4 ball pythons
  3 frilled lizards
  6 goblins
  9 kobolds
  5 rats
102 creatures vanquished.

Notes
Turn   | Place    | Note
-------+----------+-------------------------------------------
     0 | D:1      | rlgrobin the Demonspawn Wanderer began the quest for the
                  | Orb.
     0 | D:1      | rlgrobin set off with the following items: a +0 club, a
                  | scroll of fear, a +0 pair of boots, a potion of heal
                  | wounds, a +0 robe, a potion of might; and the following
                  | spells available to memorise: Sublimation of Blood,
                  | Cigotuvi's Dreadful Rot.
     0 | D:1      | Reached XP level 1. HP: 16/16 MP: 2/2
    54 | D:1      | Reached skill level 3 in Unarmed Combat
    70 | D:1      | Gained mutation: You regenerate a little health from kills.
                  | [demonic ancestry]
    70 | D:1      | Reached XP level 2. HP: 17/22 MP: 3/3
   628 | D:2      | Found Viwk's Distillery.
   691 | D:2      | Bought a potion of degeneration for 10 gold pieces
   728 | D:2      | Gained mutation: You have a pair of small antennae on your
                  | head. [demonic ancestry]
   728 | D:2      | Reached XP level 3. HP: 27/27 MP: 4/4
   752 | D:2      | Found a faded altar of an unknown god.
   992 | D:2      | Reached skill level 4 in Unarmed Combat
  1013 | D:2      | Reached skill level 1 in Dodging
  1053 | D:2      | Gained mutation: You have a pair of antennae on your head.
                  | [demonic ancestry]
  1053 | D:2      | Reached XP level 4. HP: 30/33 MP: 5/5
  1221 | D:3      | Noticed Grinder
  1481 | D:3      | Reached skill level 5 in Unarmed Combat
  1481 | D:3      | Reached XP level 5. HP: 23/38 MP: 6/6
  1664 | D:3      | Noticed Terence
  1682 | D:3      | Killed Terence
  1840 | D:3      | Noticed Pargi
  2111 | D:3      | Identified the +9 great sword of Hacking and Slashing
                  | {venom, rN+ Will++ Str+3 Stlth-}
  2180 | D:3      | Found a blossoming altar of Fedhas.
  2384 | D:3      | Paralysed by Grinder for 4 turns
  2583 | D:4      | Reached skill level 6 in Unarmed Combat
  2583 | D:4      | Gained mutation: You regenerate health from kills. [demonic
                  | ancestry]
  2583 | D:4      | Reached XP level 6. HP: 17/44 MP: 7/7
  2649 | D:4      | Found a stormy altar of Qazlal.
  3342 | D:5      | Entered Level 5 of the Dungeon
  3360 | D:5      | Reached XP level 7. HP: 43/50 MP: 8/8
  3379 | D:5      | Noticed Menkaure
  3481 | D:5      | Reached skill level 7 in Unarmed Combat
  3485 | D:5      | Noticed Blork the orc
  3497 | D:5      | Killed Blork the orc
  3682 | D:5      | Slain by Menkaure

Illustrated notes

Levels and vault maps discovered:
D:1:      mrwooster_arrival_statue_3, layout_rooms, kennysheep_pointless_box
D:2:      layout_rooms, serial_shops, shop, basic_ecumenical_altar
D:3:      minmay_octagon_keep, layout_basic, old_standard_altar, st_stairs_7,
          minmay_fountain_box, uniq_terence, uniq_grinder, uniq_pargi
D:4:      layout_basic, mainiacjoe_overflow_cross_hatched, serial_glass,
          glass_columns_c, glass_columns_c
D:5:      layout_loops_cross, serial_undead, serial_undead_a, serial_undead_d,
          serial_undead_e, serial_undead_d, nicolae_shop_gadgets,
          uniq_blork_the_orc, uniq_menkaure

Skill      XL: |  1  2  3  4  5  6  7 |
---------------+----------------------+-----
Unarmed Combat | 3 4 5 6 7 |  7.2
Dodging        | 1 2 3 |  3.8
Fighting       | |  2.0
Stealth        | |  1.7
Spellcasting   | |  1.0
Necromancy     | |  1.1
Evocations     | |  1.0

Action                     |  1- 3 |  4- 6 |  7- 9 || total
---------------------------+-------+-------+-------++-------
  Melee: Unarmed           |   104 |   331 |    61 ||   496
         Punch             |     1 |     8 |     3 ||    12
  Throw: Dart              |     8 |       |       ||     8
         Throwing net      |     1 |       |       ||     1
    Use: Potion            |       |     1 |       ||     1
   Stab: Sleeping          |     2 |     7 |       ||     9
         Held in net/web   |     1 |       |       ||     1
         Distracted        |       |       |     1 ||     1
 Armour: Robe              |    24 |    55 |     9 ||    88
  Dodge: Dodged            |    54 |   153 |    39 ||   246

Table legend: (Time is in decaauts)
 A = Elapsed time spent in this place.
 B = Non-inter-level travel time spent in this place.
 C = Inter-level travel time spent in this place.
 D = Time resting spent in this place.
 E = Time spent auto-exploring this place.
 F = Levels seen in this place.
 G = Mean time per level.
                   A        B        C        D        E       F      G
               +--------+--------+--------+--------+--------+-----+--------+
         Total |   3633 |   3401 |    232 |    339 |   1935 |   5 |  726.6 |
       Dungeon |   3633 |   3401 |    232 |    339 |   1935 |   5 |  726.6 |
               +--------+--------+--------+--------+--------+-----+--------+

Top non-repeatable levels by time:
     D:3: 1175 daAuts
     D:4: 902 daAuts
     D:2: 720 daAuts
     D:1: 551 daAuts
     D:5: 283 daAuts
